 Dungeon Crawl Stone Soup version 0.17-a0-1133-gfb1399f (webtiles) character file.

49 Hanyuu the Insei (level 3, -1/23 HPs)
             Began as an Octopode Transmuter on May 25, 2015.
             Slain by a worm (7 damage)
             ... on level 2 of the Dungeon.
             The game lasted 00:02:20 (985 turns).

Hanyuu the Insei (Octopode Transmuter)               Turns: 985, Time: 00:02:20

Health: -1/23      AC:  2    Str:  9    XL:     3   Next: 77%
Magic:  3/6        EV: 19    Int: 16    God:
Gold:   33         SH:  0    Dex: 17    Spells: 3 memorised, 0 levels left

rFire  . . .     SeeInvis .       - Unarmed
rCold  . . .     Clarity  .     (shield currently unavailable)
rNeg   . . .     SustAt   .     (helmet currently unavailable)
rPois  x         Gourm    .     (no amulet)
rElec  .         Spirit   .     o - ring of protection from magic
rCorr  .         Warding  .     (no ring)
rMut   .         Stasis   .     (no ring)
MR     +....                    (no ring)
Stlth  ++........               (no ring)
                                (no ring)
                                (no ring)
                                (no ring)

@: spider-form (expiring), somewhat resistant to hostile enchantments,
unstealthy
A: almost no armour, amphibious, 8 rings, (constrict 8), (camouflage 0),
(gelatinous body 0)
a: End Transformation


You were on level 2 of the Dungeon.
You were not hungry.
You were a venomous arachnid creature.
You visited 1 branch of the dungeon, and saw 2 of its levels.

You collected 33 gold pieces.

Inventory:

Missiles
 a - 34 arrows
 g - 8 poisoned needles
Jewellery
 o - a ring of protection from magic (left front leg)
Scrolls
 e - 2 scrolls of fear {unknown}
 i - a scroll of enchant weapon {unknown}
 k - a scroll of enchant armour {unknown}
 n - a scroll of amnesia {unknown}
Potions
 d - 2 potions of heal wounds {unknown}
 f - a potion of curing {unknown}
 l - a potion of degeneration {unknown}
 p - a potion of might {unknown}
 q - a potion of ambrosia {unknown}
 r - a potion of flight {unknown}
Books
 b - a book of Changes

   Spells                             Type                      Level
   a - Beastly Appendage              Transmutation                1
   b - Sticks to Snakes               Transmutation                2
   c - Spider Form                    Transmutation/Poison         3
   d - Ice Form                       Ice/Transmutation            4
   e - Blade Hands                    Transmutation                5
Comestibles
 c - a bread ration
 h - a slice of pizza
 m - a beef jerky


   Skills:
 - Level 1.0 Fighting
 - Level 2.0 Dodging
 + Level 4.6 Unarmed Combat
 - Level 2.0 Spellcasting
 - Level 2.0 Transmutations


You couldn't memorise any spells.
You knew the following spells:

 Your Spells              Type           Power        Failure   Level  Hunger
a - Beastly Appendage     Trmt           #.....       24%         1    #......
b - Sticks to Snakes      Trmt           #.........   32%         2    ###....
c - Spider Form           Trmt/Pois      #.........   61%         3    ###....


Dungeon Overview and Level Annotations

Branches:
Dungeon (2/15)

Altars:
Ashenzari


Innate Abilities, Weirdness & Mutations

You cannot wear most types of armour.
You are amphibious.
You can wear up to eight rings at the same time.
((You can use your tentacles to constrict eight enemies at once.))
((Your skin changes colour to match your surroundings (Stealth).))
((Your rubbery body absorbs attacks (AC +1).))


Message History

Natasha barely misses you.
You hit Natasha.
Natasha is poisoned.
Natasha is almost dead.
Natasha claws you but does no damage.
You hit Natasha but do no damage.
Natasha looks even sicker.
Natasha is almost dead.
Natasha misses you.
You hit Natasha.
You kill Natasha!
Natasha screams in pain as she dies!
The bat barely misses you.
You hit the bat but do no damage.
The bat is poisoned.
Your transformation is almost over.
The bat closely misses you. The bat completely misses you.
The bat completely misses you. The bat hits you.
* * * LOW HITPOINT WARNING * * *
You bite the bat!
You kill the bat!
You barely miss the worm. The worm bites you!
You die...

................
###.#.#.########
#.#.#.# #.#.#.#
#.....# ###.###
#.# #.# #s# #w#
#..w.....#
#.##...#.#
.......# .##....
. # ##....##
..... ##.###


You could see a worm.

Vanquished Creatures
  Natasha (D:2)
  2 giant geckos
  7 bats
  3 giant cockroaches
  2 goblins (D:1)
  3 jackals (D:1)
  A kobold (D:2)
  2 rats
21 creatures vanquished.

Notes
Turn   | Place    | Note
--------------------------------------------------------------
     0 | D:1      | Hanyuu the Octopode Transmuter began the quest for the Orb.
     0 | D:1      | Reached XP level 1. HP: 13/13 MP: 3/3
   123 | D:1      | Reached XP level 2. HP: 18/18 MP: 5/5
   585 | D:2      | Learned a level 2 spell: Sticks to Snakes
   675 | D:2      | Found a shattered altar of Ashenzari.
   677 | D:2      | Reached skill level 4 in Unarmed Combat
   950 | D:2      | Reached XP level 3. HP: 23/23 MP: 6/6
   955 | D:2      | Learned a level 3 spell: Spider Form
   972 | D:2      | Noticed Natasha
   981 | D:2      | Killed Natasha
   985 | D:2      | Slain by a worm

Vault maps used:
D:1:      minmay_arrival_plants_in_alcoves
D:2:      old_standard_altar, nicolae_ashenzari_panopticon, uniq_natasha

Action                   || total
-------------------------++-------
Melee: Unarmed           ||    57
 Cast: Beastly Appendage ||     1
       Spider Form       ||     1
 Stab: Sleeping          ||     8
